[Event "Lindores Abbey Chess Stars"]
[Site "Lindores Abbey"]
[Date "2019.05.25"]
[Round "2.1"]
[White "Anand, Viswanathan"]
[Black "Ding, Liren"]
[Result "1/2-1/2"]
[ECO "C84"]
[WhiteElo "2774"]
[BlackElo "2805"]
[Annotator "RC"]
[PlyCount "79"]
[EventDate "2019.05.26"]
[EventType "tourn"]
[EventCountry "SCO"]
[SourceTitle "playchess.com"]
[Source "ChessBase"]
[SourceQuality "1"]
[TimeControl "1500+10"]

1. e4 e5 2. Nf3 Nc6 3. Bb5 a6 4. Ba4 Nf6 5. O-O Be7 6. d3 b5 7. Bb3 d6 8. c3 Na5 9. Bc2 c5 10. a4 b4 11. cxb4 cxb4 12. d4 exd4 13. Nxd4 O-O 14. Nd2 Re8 15. Re1 Bb7 16. N2f3 Rc8 17. Bd3 Bf8 18. Bg5 h6 19. Bxf6 Qxf6 20. Qd2 Qd8 21. h4 Qb6 22. Rad1 Nc4 23. Qe2 Ne5 24. Nxe5 Rxe5 25. Nf3 Re6 26. Qe3 Qxe3 27. Rxe3 g6 28. Nd2 Bg7 29. Bc4 d5 30. exd5 Rxe3 31. fxe3 Bxb2 32. d6 Bf6 33. d7 Rc7 34. Rf1 Rxd7 35. Rxf6 Rxd2 36. Rxf7 Rxg2+ 37. Kf1 Rc2 38. Rf4+ Kg7 39. Rf7+ Kg8 40. Rf4+ 1/2-1/2

[Event "Lindores Abbey Chess Stars"]
[Site "Lindores Abbey"]
[Date "2019.05.25"]
[Round "2.2"]
[White "Karjakin, Sergey"]
[Black "Carlsen, Magnus"]
[Result "1/2-1/2"]
[ECO "E94"]
[WhiteElo "2752"]
[BlackElo "2861"]
[Annotator "ChessBase"]
[PlyCount "79"]
[EventDate "2019.05.26"]
[EventType "tourn"]
[EventCountry "SCO"]
[SourceTitle "playchess.com"]
[Source "ChessBase"]
[SourceQuality "1"]
[TimeControl "1500+10"]

1. d4 Nf6 2. c4 g6 3. Nc3 Bg7 4. e4 d6 5. Nf3 O-O 6. Be2 e5 7. O-O Na6 8. Re1 c6 9. d5 Nc5 10. Qc2 Qb6 11. h3 cxd5 12. cxd5 Bd7 13. Be3 Rfc8 14. Rac1 Qd8 15. Qb1 a5 16. Nd2 Nh5 17. Nc4 Bf8 18. Bg4 Bxg4 19. hxg4 Nf4 20. Bxf4 exf4 21. e5 dxe5 22. Nxe5 Bg7 23. Nf3 Bxc3 24. Rxc3 Qxd5 25. Re5 Qd6 26. Qc1 b6 27. Qxf4 Ne6 28. Qe4 Rab8 29. Rd5 Qf4 30. Qxf4 Nxf4 31. Rxc8+ Rxc8 32. Rd6 b5 33. g3 Rc1+ 34. Kh2 Ne6 35. Kg2 Rc2 36. Rd2 Rc5 37. a3 a4 38. Nd4 Rd5 39. Nf3 Rc5 40. Nd4 1/2-1/2

[Event "Lindores Abbey Chess Stars"]
[Site "Lindores Abbey"]
[Date "2019.05.25"]
[Round "3.1"]
[White "Carlsen, Magnus"]
[Black "Anand, Viswanathan"]
[Result "1-0"]
[ECO "E48"]
[WhiteElo "2861"]
[BlackElo "2774"]
[Annotator "ChessBase"]
[PlyCount "61"]
[EventDate "2019.05.26"]
[EventType "tourn"]
[EventCountry "SCO"]
[SourceTitle "playchess.com"]
[Source "ChessBase"]
[SourceQuality "1"]
[TimeControl "1500+10"]

1. d4 Nf6 2. c4 e6 3. Nc3 Bb4 4. e3 O-O 5. Bd3 d5 6. cxd5 exd5 7. Nge2 Re8 8. Bd2 b6 9. O-O Bd6 10. Rc1 c5 11. Nb5 Bf8 12. f3 Nc6 13. Kh1 Bb7 14. a3 g6 15. Bb1 Rc8 16. Ba2 a6 17. Nbc3 Bg7 18. dxc5 bxc5 19. Be1 d4 20. Na4 Nd7 21. Bxf7+ Kxf7 22. Qb3+ Kf8 23. Qxb7 Rxe3 24. Ng3 Nce5 25. Bd2 Rd3 26. Ne4 Rb8 27. Qd5 Rxd2 28. Nxd2 Nd3 29. Rc2 Qe7 30. Ne4 Nf4 31. Qc4 1-0

[Event "Lindores Abbey Chess Stars"]
[Site "Lindores Abbey"]
[Date "2019.05.26"]
[Round "4.2"]
[White "Karjakin, Sergey"]
[Black "Ding, Liren"]
[Result "1/2-1/2"]
[ECO "C47"]
[WhiteElo "2752"]
[BlackElo "2805"]
[Annotator "ChessBase"]
[PlyCount "77"]
[EventDate "2019.05.26"]
[EventType "tourn"]
[EventCountry "SCO"]
[SourceTitle "playchess.com"]
[Source "ChessBase"]
[SourceQuality "1"]
[TimeControl "1500+10"]

1. e4 e5 2. Nf3 Nc6 3. Nc3 Nf6 4. d4 exd4 5. Nxd4 Bb4 6. Nxc6 bxc6 7. Bd3 d5 8. Bd2 O-O 9. O-O Re8 10. Nxd5 Nxd5 11. exd5 Bxd2 12. Qxd2 cxd5 13. b4 Qd6 14. Rfd1 Bg4 15. Re1 Bh5 16. c3 Bg6 17. Bf1 c5 18. Rxe8+ Rxe8 19. Rd1 Rd8 20. a3 d4 21. Qg5 h6 22. Qxc5 Qxc5 23. bxc5 d3 24. f4 Rc8 25. g4 Be4 26. Bxd3 Bxd3 27. Rxd3 Rxc5 28. Rd8+ Kh7 29. Rd7 a5 30. Rxf7 Rxc3 31. f5 Kg8 32. Ra7 Rxa3 33. Kg2 a4 34. h3 Kf8 35. h4 Ra1 36. g5 hxg5 37. hxg5 a3 38. f6 gxf6 39. gxf6 1/2-1/2

[Event "Lindores Abbey Chess Stars"]
[Site "Lindores Abbey"]
[Date "2019.05.26"]
[Round "5.1"]
[White "Ding, Liren"]
[Black "Anand, Viswanathan"]
[Result "0-1"]
[ECO "A20"]
[WhiteElo "2805"]
[BlackElo "2774"]
[Annotator "ChessBase"]
[PlyCount "110"]
[EventDate "2019.05.26"]
[EventType "tourn"]
[EventCountry "SCO"]
[SourceTitle "playchess.com"]
[Source "ChessBase"]
[SourceQuality "1"]
[TimeControl "1500+10"]

1. c4 e5 2. g3 Nf6 3. Bg2 c6 4. Nf3 e4 5. Nd4 d5 6. d3 Bc5 7. Nb3 Bb6 8. cxd5 Qxd5 9. O-O Qf5 10. Nc3 exd3 11. e4 Qh5 12. Qxh5 Nxh5 13. Rd1 Nf6 14. Na4 Na6 15. Rxd3 Be6 16. Nxb6 axb6 17. a3 c5 18. Nd2 Nb4 19. Rc3 Na2 20. Rxa2 Bxa2 21. b3 O-O-O 22. e5 Ne8 23. Bh3+ Kc7 24. Bf1 f6 25. e6 Nd6 26. Rc2 Bxb3 27. Nxb3 Rhe8 28. a4 Rxe6 29. a5 c4 30. Bxc4 Nxc4 31. Rxc4+ Rc6 32. Bf4+ Kd7 33. Rb4 bxa5 34. Nxa5 Ra6 35. Rxb7+ Ke8 36. Nb3 Kf8 37. h4 Re8 38. Nd4 Re7 39. Rb8+ Kf7 40. Nf5 Rd7 41. h5 Ra5 42. Nd6+ Ke6 43. Nb5 Kf5 44. Kg2 Kg4 45. h6 g5 46. Be3 Kh5 47. Rb6 Kg6 48. g4 Ra4 49. Kg3 Rb4 50. Kf3 Rd3 51. Rb8 Kxh6 52. Rb6 Kg6 53. Rb8 Rdb3 54. Rg8+ Kf7 55. Rh8 Kg7 0-1